 Dungeon Crawl Stone Soup version 0.24-a0-7-g1bb0902 (webtiles) character file.

Game seed: 3095881377812991972

758 Mgcat the Sneak (level 7, -4/47 HPs)
             Began as an Octopode Transmuter on Jan 30, 2019.
             Was an Initiate of Gozag.
             Slain by a phantom (6 damage)
             ... on level 5 of the Dungeon.
             The game lasted 00:10:07 (4947 turns).

Mgcat the Sneak (Octopode Transmuter)               Turns: 4947, Time: 00:10:08

Health: -4/47      AC:  2    Str: 11    XL:     7   Next: 80%
Magic:  9/10       EV: 19    Int: 16    God:    Gozag
Gold:   235        SH:  0    Dex: 17    Spells: 4/10 levels left

rFire    . . .     SeeInvis +     - Unarmed
rCold    . . .     Gourm    .   (shield currently unavailable)
rNeg     . . .     Faith    .   (helmet currently unavailable)
rPois    x         Spirit   .   (no amulet)
rElec    .         Reflect  .   l - ring of see invisible {sInv, !d}
rCorr    .         Harm     .   k - ring of flight {+Fly, !d}
MR       .....                  (no ring)
Stlth    +++.......             (no ring)
HPRegen  0.15/turn              (no ring)
MPRegen  0.12/turn              (no ring)
                                (no ring)
                                (no ring)

@: spider-form (expiring)
A: tiny, almost no armour, stealthy swim, (amphibious), 8 rings, (constrict 8)
a: End Transformation, Potion Petition, Call Merchant, Bribe Branch, Renounce
Religion, Evoke Flight


You were on level 5 of the Dungeon.
You worshipped Gozag.
Gozag was aware of your devotion.
You were not hungry.
You were a venomous arachnid creature.
You visited 1 branch of the dungeon, and saw 6 of its levels.

You collected 477 gold pieces.
You spent 230 gold pieces at shops.
You paid 12 gold pieces to Gozag.

Inventory:

Missiles
 a - 43 arrows
Jewellery
 k - a ring of flight (right front leg) {+Fly, !d}
   (You bought it in a shop on level 4 of the Dungeon)
 l - a ring of see invisible (left front leg) {sInv, !d}
   (You bought it in a shop on level 4 of the Dungeon)
Scrolls
 e - a scroll of identify
 i - 2 scrolls of fog
 q - a scroll of remove curse
Potions
 b - a potion of might {unknown}
 d - 3 potions of berserk rage {unknown}
 f - 4 potions of heal wounds
 g - a potion of resistance
 h - a potion of experience {unknown}
 m - 2 potions of agility {unknown}
 n - a potion of brilliance {unknown}
 o - a potion of flight {unknown}
 p - a potion of lignification {unknown}
Comestibles
 c - 7 rations


   Skills:
 + Level 3.8 Fighting
 - Level 2.0 Dodging
 - Level 5.0 Stealth
 + Level 4.8 Unarmed Combat
 - Level 2.0 Spellcasting
 + Level 4.3 Transmutations
 + Level 3.6 Poison Magic


You had 4 spell levels left.
You knew the following spells:

 Your Spells              Type           Power        Failure   Level  Hunger
a - Beastly Appendage     Tmut           ###...       12%         1    #......
b - Sticks to Snakes      Tmut           ###.....     16%         2    ###....
c - Spider Form           Tmut/Pois      ##........   28%         3    ###....

Your spell library contained the following spells:

 Spells                   Type           Power        Failure   Level  Hunger
 Ice Form                 Ice/Tmut       #.......     82%         4    #####..
 Blade Hands              Tmut           ###.......   85%         5    ######.


Dungeon Overview and Level Annotations

Branches:
Dungeon (6/15)
 Temple: D:4-7

Altars:
Dithmenos
Fedhas
Gozag
Hepliaklqana
Ru
Xom
Zin
The Shining One

Shops:
D:4 **(=

Annotations:
D:3 3 runed translucent doors, exclusions: Natasha and bullfrog, Duffy's ghost, weakling DEWz; Natasha
D:5 exclusion: jelly, Edmund


Innate Abilities, Weirdness & Mutations

You cannot wear most types of armour.
You are very stealthy in the water. (Stealth+)
((You are amphibious.))
You can wear up to eight rings at the same time.
((You can use your tentacles to constrict eight enemies at once.))
((Your skin changes colour to match your surroundings (Stealth+).))
((Your rubbery body absorbs attacks. (AC +1, EV +1)))


Message History

You eat one of the 8 rations.
That ration really hit the spot!
Health restored: 47
There is a stone staircase leading down here.
Casting: Spider Form (safe; 13% risk of failure)
Confirm with . or Enter, or press ? or * to list all spells.
You turn into a venomous arachnid creature.
You now have 7/10 mp.
You climb downwards.
An ice beast comes into view.
The bullfrog barely misses you.
There is a stone staircase leading up here.
Spoiler Alert: The ice beast (wandering) can hit for moderate damage in melee!
You bite the bullfrog!
The bullfrog is heavily wounded.
A phantom comes into view.
The bullfrog completely misses you.
Warning x2: The phantom can hit for moderate damage in melee and blinks!
The ice beast can hit for moderate damage in melee!
You bite the bullfrog!
The bullfrog is poisoned.
The bullfrog is severely wounded.
The bullfrog hits you but does no damage.
The bullfrog hits you.
You take 2 damage, and have 45/47 hp.
Warning x2: The phantom can hit for moderate damage in melee and blinks!
The ice beast can hit for moderate damage in melee!
You barely miss the bullfrog.
The bullfrog is severely wounded.
The bullfrog hits you.
You take 2 damage, and have 43/47 hp.
Warning x2: The phantom can hit for moderate damage in melee and blinks!
The ice beast can hit for moderate damage in melee!
You hit the bullfrog.
The bullfrog looks as sick as possible!
The bullfrog is almost dead.
The bullfrog closely misses you.
Warning x2: The phantom can hit for moderate damage in melee and blinks!
The ice beast can hit for moderate damage in melee!
You bite the bullfrog!
You kill the bullfrog!
The phantom hits you.
You take 2 damage, and have 41/47 hp.
Warning x2: The phantom can hit for moderate damage in melee and blinks!
The ice beast can hit for moderate damage in melee!
You barely miss the phantom. The phantom hits you!
You take 10 damage, and have 31/47 hp.
MASSIVE DAMAGE!!
Warning x2: The phantom can hit for moderate damage in melee and blinks!
The ice beast can hit for moderate damage in melee!
The ice beast barely misses you. The phantom closely misses you.
You climb upwards.
Level annotation: exclusion: jelly, Edmund
There is a stone staircase leading down here.
Warning x2: The phantom can hit for moderate damage in melee and blinks!
The ice beast can hit for moderate damage in melee!
You barely miss the ice beast. The ice beast completely misses you.
The phantom hits you!
You take 7 damage, and have 24/47 hp.
Warning x2: The phantom can hit for moderate damage in melee and blinks!
The ice beast can hit for moderate damage in melee!
You hit the ice beast.
The ice beast is lightly wounded.
The ice beast hits you. The ice beast freezes you!
* * * LOW HITPOINT WARNING * * *
The phantom completely misses you.
You take 14 damage, and have 10/47 hp.
MASSIVE DAMAGE!!
Warning x2: The phantom can hit for moderate damage in melee and blinks!
The ice beast can hit for moderate damage in melee!
As you read the scroll labeled NOSIFI COAC, it crumbles to dust.
The creatures around you are filled with an inner flame!
It was a scroll of immolation.
Your transformation is almost over.
The ice beast hits you.
* * * LOW HITPOINT WARNING * * *
The ice beast freezes you.
* * * LOW HITPOINT WARNING * * *
The phantom closely misses you.
You take 9 damage, and have 1/47 hp.
Warning x2: The ice beast (inner flame) can hit for moderate damage in melee!
The phantom (inner flame) can hit for moderate damage in melee and blinks!
Unknown command.
Lua error: [string "/dgldir/rcfiles/crawl-git/Mgcat.rc"]:926: invalid capture index Unknown command.
Lua error: [string "/dgldir/rcfiles/crawl-git/Mgcat.rc"]:926: invalid capture index Unknown command.
Lua error: [string "/dgldir/rcfiles/crawl-git/Mgcat.rc"]:926: invalid capture index The phantom blinks!
Warning x2: The ice beast (inner flame) can hit for moderate damage in melee!
The phantom (inner flame) can hit for moderate damage in melee and blinks!
Unknown command.
Lua error: [string "/dgldir/rcfiles/crawl-git/Mgcat.rc"]:926: invalid capture index Unknown command.
Lua error: [string "/dgldir/rcfiles/crawl-git/Mgcat.rc"]:926: invalid capture index Lua error: [string "/dgldir/rcfiles/crawl-git/Mgcat.rc"]:926: invalid capture index Unknown command.
Warning x2: The ice beast (inner flame) can hit for moderate damage in melee!
The phantom (inner flame) can hit for moderate damage in melee and blinks!
Unknown command.
Lua error: [string "/dgldir/rcfiles/crawl-git/Mgcat.rc"]:926: invalid capture index Unknown command.
Lua error: [string "/dgldir/rcfiles/crawl-git/Mgcat.rc"]:926: invalid capture index Lua error: [string "/dgldir/rcfiles/crawl-git/Mgcat.rc"]:926: invalid capture index Unknown command.
Warning x2: The ice beast (inner flame) can hit for moderate damage in melee!
The phantom (inner flame) can hit for moderate damage in melee and blinks!
Unknown command.
Lua error: [string "/dgldir/rcfiles/crawl-git/Mgcat.rc"]:926: invalid capture index The ice beast barely misses you.
The phantom misses you.
Lua error: [string "/dgldir/rcfiles/crawl-git/Mgcat.rc"]:926: invalid capture index Unknown command.
Lua error: [string "/dgldir/rcfiles/crawl-git/Mgcat.rc"]:926: invalid capture index Unknown command.
Warning x2: The ice beast (inner flame) can hit for moderate damage in melee!
The phantom (inner flame) can hit for moderate damage in melee and blinks!
The phantom hits you.
You die...
Your body crumbles into a pile of gold.

.# #..# #.#####.##..##.#
.# ##.## #.# #..#..##.# .#
#..# #.# #..#..##.## .#
##.## #.# #.....##..# ###
.#
#..###'#####)#.#.###.###..
##...........#....##.##..#
#...........##...##.....#
##..........##...##.....#
#......s...###..##......
#......YW..# #..###....#
#..........# ##........#
#..........# #..###.###
#..........## #..#..)..#
#..)>.......# #..#.....#
#....)....### #...?.$.%.
########### #..#.....#
#..#..(..#


You could see a phantom (inner flame) and an ice beast (inner flame).

Vanquished Creatures
  A sky beast (D:5)
  A bullfrog (D:6)
  2 orc priests (D:5)
  3 orc wizards
  2 jellies
  A centaur skeleton (D:4)
  Jessica (D:2)
  Terence (D:2)
  An iguana (D:5)
  A worker ant (D:5)
  A hound skeleton (D:4)
  4 gnolls (D:5)
  6 adders
  An ooze (D:3)
  A dart slug (D:3)
  2 leopard geckos (D:1)
  10 orcs
  A giant cockroach (D:3)
  6 goblins (D:1)
  5 hobgoblins
  5 jackals
  4 kobolds
  A quokka (D:2)
  5 bats
  6 frilled lizards
  A jackal skeleton (D:5)
  5 rats
78 creatures vanquished.

Vanquished Creatures (collateral kills)
  An ogre (D:4)
  An orc wizard (D:4)
  An orc (D:4)
3 creatures vanquished.

Grand Total: 81 creatures vanquished

Notes
Turn   | Place    | Note
-------+----------+-------------------------------------------
     0 | D:1      | Mgcat the Octopode Transmuter began the quest for the Orb.
     0 | D:1      | Reached XP level 1. HP: 13/13 MP: 3/3
   299 | D:1      | Reached skill level 1 in Stealth
   299 | D:1      | Reached XP level 2. HP: 13/18 MP: 5/5
  1079 | D:2      | Reached XP level 3. HP: 20/23 MP: 6/6
  1169 | D:2      | Noticed Jessica
  1177 | D:2      | Killed Jessica
  1177 | D:2      | Reached skill level 2 in Stealth
  1177 | D:2      | Reached XP level 4. HP: 19/29 MP: 7/7
  1226 | D:2      | Found a blossoming altar of Fedhas.
  1234 | D:2      | Found an opulent altar of Gozag.
  1249 | D:2      | Became a worshipper of Gozag Ym Sagoz the Greedy
  1295 | D:2      | Noticed Terence
  1316 | D:2      | Killed Terence
  1316 | D:2      | Reached skill level 2 in Fighting
  1323 | D:2      | Learned a level 2 spell: Sticks to Snakes
  1327 | D:2      | Learned a level 3 spell: Spider Form
  1394 | D:2      | Found a faded altar of an unknown god.
  1596 | D:3      | Reached skill level 3 in Transmutations
  1902 | D:3      | Found a glowing silver altar of Zin.
  1914 | D:3      | Noticed a bullfrog
  1946 | D:3      | Reached XP level 5. HP: 23/34 MP: 8/8
  2029 | D:3      | Reached skill level 3 in Stealth
  2086 | D:3      | Reached skill level 1 in Poison Magic
  2372 | D:3      | Found a runed translucent gate.
  2372 | D:3      | Found a runed translucent gate.
  2372 | D:3      | Found a runed translucent gate.
  2372 | D:3      | Noticed Duffy's ghost (weakling DEWz)
  2499 | D:3      | Noticed Natasha
  2528 | D:4      | Noticed an ogre
  2544 | D:4      | Killed an ogre
  2544 | D:4      | Reached skill level 4 in Unarmed Combat
  2544 | D:4      | Reached XP level 6. HP: 18/41 MP: 1/9
  2713 | D:4      | Reached skill level 2 in Poison Magic
  2895 | D:4      | Found a sacrificial altar of Ru.
  2900 | D:4      | Found a shimmering altar of Xom.
  2903 | D:4      | Found a glowing golden altar of the Shining One.
  2906 | D:4      | Found a hazy altar of Hepliaklqana.
  2928 | D:4      | Found Timoo's Assorted Antiques.
  2928 | D:4      | Found Huiho's Assorted Antiques.
  2929 | D:4      | Found Riucs's Jewellery Shoppe.
  2930 | D:4      | Found Yjoliess's Antique Weapon Shoppe.
  2966 | D:4      | HP: 10/41 [poisoned by an orc wizard]
  2967 | D:4      | Reached skill level 4 in Stealth
  2971 | D:4      | HP: 8/41 [poisoned by an orc wizard]
  2976 | D:4      | HP: 7/41 [poisoned by an orc wizard]
  2982 | D:4      | Bought a twisted sapphire ring for 115 gold pieces
  2982 | D:4      | Bought an iron ring for 115 gold pieces
  2984 | D:4      | HP: 6/41 [poisoned by an orc wizard]
  2992 | D:4      | HP: 5/41 [poisoned by an orc wizard]
  3333 | D:4      | Reached skill level 3 in Fighting
  3367 | D:4      | Noticed a phantom
  3756 | D:5      | Entered Level 5 of the Dungeon
  3837 | D:5      | Found a shadowy altar of Dithmenos.
  3874 | D:5      | Noticed a sky beast
  3883 | D:5      | HP: 10/42 [sky beast (5)]
  3884 | D:5      | HP: 2/42 [sky beast (6)]
  3890 | D:5      | Killed a sky beast
  3890 | D:5      | Reached XP level 7. HP: 31/46 MP: 6/10
  3954 | D:5      | Noticed Edmund
  4006 | D:5      | Reached skill level 4 in Transmutations
  4006 | D:5      | Reached skill level 3 in Poison Magic
  4692 | D:5      | HP: 11/46 [gnoll/+0 spear (2)]
  4693 | D:5      | Reached skill level 5 in Stealth
  4941 | D:5      | HP: 10/47 [ice beast (11)]
  4942 | D:5      | HP: 1/47 [ice beast (5)]
  4947 | D:5      | Slain by a phantom

Vault maps used:
D:1:      dpeg_arrival_radiant, minmay_misc_feat_doors
D:2:      grunt_temple_overflow_open, first_ration,
          chequers_ecumenical_altar_island, minmay_pentomino_t4, uniq_terence,
          uniq_jessica
D:3:      general_overflow_altar, gammafunk_ghost_necromancy,
          minmay_misc_feat_iff, uniq_natasha
D:4:      grunt_temple_overflow_cloverleaf, kennysheep_mini, solitary_fountain,
          minmay_misc_feat_pillars, minmay_shop_grid_forest,
          hangedman_abyss_or_decor_stabs
D:5:      old_standard_altar, minmay_chambers_of_fives, uniq_edmund
D:6:      minmay_spotlight

Skill      XL: |  1  2  3  4  5  6  7 |
---------------+----------------------+-----
Stealth        | 1 2 3 4 5 |  5.0
Fighting       | 2 3 |  3.8
Transmutations | 3 4 |  4.3
Poison Magic   | 1 2 3 |  3.6
Unarmed Combat | 4 |  4.8
Dodging        | |  2.0
Spellcasting   | |  2.0

Action                   |  1- 3 |  4- 6 |  7- 9 || total
-------------------------+-------+-------+-------++-------
Melee: Unarmed           |    54 |   122 |    60 ||   236
       Constrict         |    16 |    22 |     3 ||    41
       Tentacles         |     7 |    19 |     5 ||    31
       Punch             |     1 |       |       ||     1
       Kick              |       |     1 |       ||     1
 Cast: Beastly Appendage |       |     1 |       ||     1
       Sticks to Snakes  |       |     5 |       ||     5
       Spider Form       |       |     2 |     6 ||     8
  Use: Scroll            |       |     9 |     1 ||    10
       Potion            |       |     1 |       ||     1
 Stab: Sleeping          |     9 |     5 |     1 ||    15
  Eat: Chunk             |     1 |     1 |       ||     2
       Ration            |       |     2 |     2 ||     4
Armor: Skin              |     2 |     4 |     1 ||     7
Dodge: Dodged            |    28 |    67 |    52 ||   147

Table legend:
 A = Non-vault XP
 B = Vault XP
 C = Vault XP percentage of total XP
 D = Non-vault monster count
 E = Vault monster count
 F = Vault count percentage of total count
                 A         B        C        D         E       F
            +---------+---------+-------+---------+---------+-------
      Total |     997 |      87 |   8.0 |      77 |       4 |   4.9
            +---------+---------+-------+---------+---------+-------
        D:1 |      27 |       0 |   0.0 |      17 |       0 |   0.0
        D:2 |      28 |      87 |  75.7 |      12 |       4 |  25.0
        D:3 |     101 |       0 |   0.0 |      16 |       0 |   0.0
        D:4 |     260 |       0 |   0.0 |      11 |       0 |   0.0
        D:5 |     491 |       0 |   0.0 |      20 |       0 |   0.0
        D:6 |      90 |       0 |   0.0 |       1 |       0 |   0.0
            +---------+---------+-------+---------+---------+-------

Vault maps used:
D:1:      dpeg_arrival_radiant, minmay_misc_feat_doors
D:2:      grunt_temple_overflow_open, first_ration,
          chequers_ecumenical_altar_island, minmay_pentomino_t4, uniq_terence,
          uniq_jessica
D:3:      general_overflow_altar, gammafunk_ghost_necromancy,
          minmay_misc_feat_iff, uniq_natasha
D:4:      grunt_temple_overflow_cloverleaf, kennysheep_mini, solitary_fountain,
          minmay_misc_feat_pillars, minmay_shop_grid_forest,
          hangedman_abyss_or_decor_stabs
D:5:      old_standard_altar, minmay_chambers_of_fives, uniq_edmund
D:6:      minmay_spotlight

Table legend:
 A = Turns spent in this place as a percentage of turns spent in the entire game.
 B = Non-inter-level travel turns spent in this place as a percentage of non-inter-level travel turns spent in the entire game.
 C = Inter-level travel turns spent in this place as a percentage of turns spent in this place.
 D = Turns resting spent in this place as a percentage of non-inter-level travel turns spent in this place.
 E = Turns spent auto-exploring this place as a percentage of non-inter-level travel turns spent in this place.
 F = Non-inter-level travel turns spent in this place divided by the number of levels of this place that you've seen.
                   A       B       C       D       E      F
               +-------+-------+-------+-------+-------+----------------------
         Total | 100.0 | 100.0 |   4.1 |  21.3 |  62.6 | 790.3
       Dungeon | 100.0 | 100.0 |   4.1 |  21.3 |  62.6 | 790.3
               +-------+-------+-------+-------+-------+----------------------

Table legend:
 A = Kills in this place as a percentage of kills in entire the game.
 B = Kills by you in this place as a percentage of kills by you in the entire game.
 C = Kills by friends in this place as a percentage of kills by friends in the entire game.
 D = Other kills in this place as a percentage of other kills in the entire game.
 E = Experience gained in this place as a percentage of experience gained in the entire game.
 F = Experience gained in this place divided by the number of levels of this place that you have seen.
                   A       B       C       D       E      F
               +-------+-------+-------+-------+-------+----------------------
         Total | 100.0 | 100.0 | 100.0 |   N/A | 100.0 | 180.7
       Dungeon | 100.0 | 100.0 | 100.0 |   N/A | 100.0 | 180.7
               +-------+-------+-------+-------+-------+----------------------
